 Dungeon Crawl Stone Soup version 0.20.0-10-g0535bb4 (console) character file.

215 bli the Covered (level 5, -2/43 HPs)
             Began as a Barachi Wanderer on June 3, 2017.
             Slain by Grinder (3 damage)
             ... on level 3 of the Dungeon.
             The game lasted 00:18:46 (2632 turns).

bli the Covered (Barachi Wanderer)                  Turns: 2632, Time: 00:18:47

Health: -2/43      AC:  7    Str: 13    XL:     5   Next: 92%
Magic:  5/5        EV: 11    Int:  9    God:
Gold:   142        SH:  0    Dex: 16    Spells: 4/4 levels left

rFire    + . .     SeeInvis .   a - +2 hand axe
rCold    + . .     Gourm    .   (no shield)
rNeg     . . .     Faith    .   i - +0 ring mail
rPois    +         Spirit   .   m - +0 helmet
rElec    +         Reflect  .   (no cloak)
rCorr    +         Harm     .   (no gloves)
MR       .....                  (no boots)
Stlth    +.........             (no amulet)
Regen    0.2/turn               (no ring)
MPRegen  0.1/turn               (no ring)

@: resistant, slow
A: +LOS, swims, slowness 1, strong legs 1
a: Hop


You were on level 3 of the Dungeon.
You were not hungry.

You visited 1 branch of the dungeon, and saw 3 of its levels.

You collected 142 gold pieces.

Inventory:

Hand Weapons
 a - a +2 hand axe (weapon)
 p - a +0 blowgun
Missiles
 f - 64 stones (quivered)
 t - 3 poisoned needles
Armour
 c - a +0 robe
 i - a +0 ring mail (worn)
 m - a +0 helmet (worn)
 n - a +0 animal skin
 v - a cursed +0 chain mail
Wands
 l - a wand of flame (13/48)
Scrolls
 e - 3 scrolls of identify
 q - a scroll of immolation {unknown}
 r - a scroll of remove curse
 u - a scroll of teleportation {unknown}
Potions
 b - a potion of agility {unknown}
 g - 2 potions of resistance
 h - a potion of mutation {unknown}
 j - a potion of degeneration {unknown}
 o - a potion of heal wounds {unknown}
Comestibles
 d - a bread ration
 k - a royal jelly
 s - a meat ration
 w - a chunk of flesh


   Skills:
 * Level 4.3 Fighting
 + Level 4.5(4.6) Axes
   Level 1.1(3.0) Maces & Flails
 - Level 1.0 Throwing
 + Level 4.7 Armour
 + Level 1.2 Dodging
 + Level 1.1 Evocations


You had 4 spell levels left.
You didn't know any spells.

Dungeon Overview and Level Annotations

Branches:
Dungeon (3/15)

Altars:
Ashenzari
Nemelex Xobeh

Annotations:
D:3 Grinder


Innate Abilities, Weirdness & Mutations

Shadows flee at your approach. (+LOS)
You can swim through water.
You cover ground slowly.
You can hop short distances.


Message History

Grinder blinks!
You barely miss Grinder.
Grinder is lightly wounded.
Grinder closely misses you.
You hit Grinder.
Grinder is moderately wounded.
Grinder gestures at you. You resist with significant effort.
You slash Grinder!
Grinder is heavily wounded.
Grinder hits you.
* * * LOW HITPOINT WARNING * * *
You writhe in agony.
* * * LOW HITPOINT WARNING * * *
You hit Grinder.
Grinder is heavily wounded.
Grinder hits you.
* * * LOW HITPOINT WARNING * * *
You writhe in agony.
You die...

....#####.....#
... #.##### #>#
#.# #.# #.# #.#
#.#
####.#######.#
#............#
#.##.#########
..#### #.#
.......##.#
........@5#
###########


You could see Grinder.

Vanquished Creatures
  An orc priest (D:3)
  An orc wizard (D:3)
  Robin (D:2)
  5 adders
  An ooze (D:1)
  3 worms
  2 dart slugs (D:1)
  2 leopard geckos (D:2)
  10 orcs (D:3)
  6 bats
  3 giant cockroaches
  6 goblins (D:2)
  13 hobgoblins
  4 jackals (D:1)
  8 kobolds
  2 ball pythons
  2 frilled lizards
  6 rats
76 creatures vanquished.

Notes
Turn   | Place    | Note
-------+----------+-------------------------------------------
     0 | D:1      | bli the Barachi Wanderer began the quest for the Orb.
     0 | D:1      | bli set off with: a +2 hand axe, 2 potions of curing, a +0 robe, a bread ration
     0 | D:1      | Reached XP level 1. HP: 17/17 MP: 1/1
   130 | D:1      | Reached XP level 2. HP: 15/23 MP: 2/2
   496 | D:1      | Reached XP level 3. HP: 28/28 MP: 3/3
   995 | D:2      | Noticed Robin
  1129 | D:2      | Reached XP level 4. HP: 27/35 MP: 4/4
  1134 | D:2      | Killed Robin
  1192 | D:2      | Found a sparkling altar of Nemelex Xobeh.
  1968 | D:2      | Reached XP level 5. HP: 40/42 MP: 5/5
  1969 | D:2      | Found a shattered altar of Ashenzari.
  2321 | D:3      | Reached skill level 1 in Dodging
  2615 | D:3      | Noticed Grinder
  2615 | D:3      | Paralysed by Grinder for 3 turns
  2632 | D:3      | HP: 1/43 [Grinder (3)]
  2632 | D:3      | Slain by Grinder

Skill      XL: |  1  2  3  4  5 |
---------------+----------------+-----
Armour         | 4 |  4.7
Axes           | 3 4 |  4.5
Fighting       | 3 4 |  4.3
Dodging        | 1 |  1.2
Maces & Flails | |  1.1
Throwing       | |  1.0
Evocations     | |  1.1

Action                   |  1- 3 |  4- 6 || total
-------------------------+-------+-------++-------
Melee: Hand axe          |    91 |   178 ||   269
Evoke: Wand              |       |     2 ||     2
  Use: Potion            |       |     3 ||     3
       Scroll            |       |     2 ||     2
 Stab: Sleeping          |     1 |     2 ||     3
  Eat: Chunk             |     1 |     6 ||     7
Armor: Robe              |    11 |       ||    11
       Animal skin       |       |    14 ||    14
       Ring mail         |       |    24 ||    24
Dodge: Dodged            |    53 |    93 ||   146
